 Dungeon Crawl Stone Soup version 0.26.1-2-gb8aa6d0cf2 (webtiles) character file.

Game seed: 16968056310602771638

2785 sizableburger the Destroyer (level 9, -2/51 HPs)
             Began as an Octopode Conjurer on Feb 21, 2021.
             Was an Initiate of Gozag.
             Slain by an orc warrior
             ... wielding a +0 hand axe
              (16 damage)
             ... on level 7 of the Dungeon on Mar 1, 2021.
             The game lasted 00:27:07 (10444 turns).

sizableburger the Destroyer (Octopode Conjurer)    Turns: 10444, Time: 00:27:08

Health: -2/51      AC:  1    Str:  6    XL:     9   Next: 70%
Magic:  11/25      EV: 16    Int: 23    God:    Gozag
Gold:   514        SH:  0    Dex: 11    Spells: 8/18 levels left

rFire    . . .     SeeInvis .   p - +1 dagger (venom)
rCold    . . .     Faith    .   (no shield)
rNeg     + . .     Spirit   .   (helmet restricted)
rPois    +         Reflect  .   (no amulet)
rElec    .         Harm     .   d - ring of poison resistance
rCorr    .         Rampage  .   m - ring of magical power
Will     .....                  o - ring of positive energy
Stlth    +++.......             (no ring)
HPRegen  0.17/turn              (no ring)
MPRegen  0.19/turn              (no ring)
                                (no ring)
                                (no ring)

@: hasted, very quick
A: almost no armour, stealthy swim, amphibious, 8 rings, constrict 8, camouflage
1, gelatinous body 1
a: Renounce Religion, Potion Petition, Call Merchant, Bribe Branch


You were on level 7 of the Dungeon.
You worshipped Gozag.
Gozag was pleased with you.
You visited 2 branches of the dungeon, and saw 8 of its levels.
You also visited: Sewer.

You collected 593 gold pieces.
You paid 79 gold pieces to Gozag.

Inventory:

Hand Weapons
 p - a +1 dagger of venom (weapon)
 t - a +3 quarterstaff of chaos
Magical Staves
 A - an uncursed staff of poison
Jewellery
 d - a ring of poison resistance (left tentacle)
 m - a ring of magical power (right tentacle)
 o - a ring of positive energy (on tentacle)
 y - an uncursed ring of willpower {unknown}
Wands
 k - a wand of random effects (18)
 n - a wand of enslavement (9)
 r - a wand of flame (17)
Scrolls
 e - 5 scrolls of identify
 f - a scroll of amnesia
 h - 2 scrolls of fear {unknown}
 q - a scroll of enchant weapon {unknown}
 v - a scroll of random uselessness {unknown}
Potions
 a - a potion of resistance
 b - 5 potions of mutation
 c - a potion of might
 g - 2 potions of haste
 i - 2 potions of heal wounds
 j - 2 potions of lignification {unknown}
 l - 4 potions of cancellation {unknown}
 s - 3 potions of brilliance {unknown}
 u - a potion of invisibility {unknown}
 w - 2 potions of berserk rage {unknown}
 x - 3 potions of flight
 z - a potion of curing


   Skills:
 + Level 7.3 Dodging
 - Level 2.6 Stealth
 - Level 5.0 Spellcasting
 + Level 8.2 Conjurations
 + Level 6.5 Hexes


You had 8 spell levels left.
You knew the following spells:

 Your Spells              Type           Power        Failure   Level
a - Magic Dart            Conj           100%         1%          1
b - Searing Ray           Conj           86%          1%          2
c - Fulminant Prism       Conj/Hex       19%          4%          4
d - Dazzling Flash        Conj/Hex       78%          1%          3

Your spell library contained the following spells:

 Spells                   Type           Power        Failure   Level
 Iskenderun's Mystic Bla  Conj/Tloc      24%          17%         4


Dungeon Overview and Level Annotations

Branches:
Dungeon (7/15)             Temple (1/1) D:5           Sewer (visited)

Altars:
Dithmenos
Elyvilon
Fedhas
Gozag
Hepliaklqana
Kikubaaqudgha
Okawaru
Qazlal
Ru
Sif Muna
Vehumet
Wu Jian
Zin

Annotations:
D:7 Harold


Innate Abilities, Weirdness & Mutations

You cannot wear most types of armour.
You are very stealthy in the water. (Stealth+)
You are amphibious.
You can wear up to eight rings at the same time.
You can use your tentacles to constrict eight enemies at once.
Your skin changes colour to match your surroundings (Stealth+).
Your rubbery body absorbs attacks. (AC +1, EV +1)


Message History

An orc comes into view. It is wielding a +0 short sword.
There is a stone staircase leading up, spattered with blood here.
Casting: Fulminant Prism (dangerous; 4% risk of failure)
Confirm with . or Enter, or press ? or * to list all spells.
Aiming: Searing Ray (safe; 1% risk of failure)
Press: ? - help, Shift-Dir - straight line, f - orc warrior
Aim: an orc warrior, wielding a +0 hand axe and wearing a +0 plate armour (18% to evade)
The searing ray hits the orc warrior!
The orc warrior is moderately wounded. (Press . to maintain the ray.)
The searing ray hits the orc warrior.
The orc warrior is heavily wounded.
The searing ray hits the orc warrior.
The orc warrior is severely wounded.
The searing ray hits the orc warrior.
The orc warrior is severely wounded.
You finish channeling your searing ray.
The orc warrior hits you with a +0 hand axe!
You die...
Your body crumbles into a pile of gold.

#.# #...# ###.# ###...###
....###......<#### $
###..##(.........#
#...#.......##.#
#.........####.#
#.#####...# #.# ###.#
##### #)# ....# #@#
###'## #o# ##...## #.#
#.....## ####.####
.......## ##.#o....#
........####........###.#
..<.....'o.o.............
........####....#.#.###..
.......## #..#...#.#


You could see an orc warrior and an orc.

Vanquished Creatures
  Pikel (D:7)
  The ghost of BabaBalenciYaga the Fighter, a novice DsFi (D:3)
  Grinder (D:4)
  Menkaure (D:4)
  A sky beast (D:6)
  An ice beast (D:5)
  2 ogres
  A necrophage (D:6)
  A centaur (D:3)
  2 big kobolds
  2 bullfrogs (D:7)
  2 scorpions
  Crazy Yiuf (D:3)
  A hound (D:6)
  2 orc priests (D:5)
  4 orc wizards
  A centaur skeleton (D:5)
  2 iguanas
  5 worker ants
  12 gnolls
  2 river rats (Sewer)
  9 adders
  2 shadow imps
  4 white imps (D:5)
  An ufetubus (D:6)
  An adder zombie (D:6)
  3 worms (D:3)
  3 dart slugs
  3 leopard geckos
  16 orcs
  2 ball pythons
  7 giant cockroaches
  4 goblins
  10 hobgoblins
  14 jackals
  5 quokkas (D:3)
  11 bats
  5 frilled lizards
  A jackal zombie (D:5)
  20 kobolds
  15 rats
182 creatures vanquished.

Vanquished Creatures (others)
  2 kobolds (D:7)
  16 fulminant prisms
18 creatures vanquished.

Grand Total: 200 creatures vanquished

Notes
Turn   | Place    | Note
-------+----------+-------------------------------------------
     0 | D:1      | sizableburger the Octopode Conjurer began the quest for the
                  | Orb.
     0 | D:1      | Reached XP level 1. HP: 11/11 MP: 3/3
   339 | D:1      | Reached XP level 2. HP: 9/17 MP: 0/5
   497 | D:1      | Learned a level 2 spell: Searing Ray
  1558 | D:2      | Reached XP level 3. HP: 21/21 MP: 2/6
  2084 | D:1      | Reached XP level 4. HP: 5/27 MP: 5/8
  2464 | D:1      | Learned a level 4 spell: Fulminant Prism
  3107 | D:2      | Reached XP level 5. HP: 28/31 MP: 3/9
  3456 | D:3      | Reached skill level 1 in Hexes
  3633 | D:3      | Found a runed translucent gate.
  3634 | D:3      | Found a runed translucent gate.
  3970 | D:3      | Found a runed translucent gate.
  3970 | D:3      | Noticed BabaBalenciYaga's ghost (novice DsFi)
  3985 | D:3      | Reached skill level 5 in Conjurations
  4464 | D:3      | Noticed a big kobold
  4475 | D:3      | Killed a big kobold
  4476 | D:3      | Reached XP level 6. HP: 21/36 MP: 11/11
  4849 | D:3      | Found a runed translucent door.
  4850 | D:3      | Noticed Crazy Yiuf
  4887 | D:3      | Killed Crazy Yiuf
  5596 | D:3      | Killed BabaBalenciYaga's ghost
  5597 | D:3      | Reached XP level 7. HP: 23/41 MP: 3/13
  5914 | D:4      | Reached skill level 6 in Conjurations
  5941 | D:4      | Reached XP level 8. HP: 35/46 MP: 6/14
  6060 | D:4      | Noticed Grinder
  6073 | D:4      | Killed Grinder
  6074 | D:4      | Reached skill level 5 in Dodging
  6219 | D:4      | Found a glowing drain.
  6228 | Sewer    | Entered a sewer
  6391 | Sewer    | Reached skill level 5 in Spellcasting
  6510 | Sewer    | Found a glowing silver altar of Zin.
  6790 | D:4      | Noticed Menkaure
  6796 | D:4      | Killed Menkaure
  7477 | D:5      | Entered Level 5 of the Dungeon
  7719 | D:5      | Found a staircase to the Ecumenical Temple.
  7727 | Temple   | Entered the Ecumenical Temple
  7752 | Temple   | Became a worshipper of Gozag Ym Sagoz the Greedy
  7861 | D:5      | Reached skill level 7 in Conjurations
  8349 | D:5      | Reached skill level 5 in Hexes
  8378 | D:5      | Reached XP level 9. HP: 51/51 MP: 9/16
  9861 | D:6      | Learned a level 3 spell: Dazzling Flash
 10175 | D:7      | Noticed Harold
 10175 | D:7      | Noticed Pikel
 10268 | D:7      | Killed Pikel
 10269 | D:7      | Reached skill level 8 in Conjurations
 10444 | D:7      | Slain by an orc warrior

Illustrated notes

Levels and vault maps discovered:
D:1:      minmay_arrival_doors, layout_basic
D:2:      layout_basic, chequers_avenue
D:3:      cheibrodos_thug_alley, layout_basic, gammafunk_ghost_split,
          chequers_serial_rivers_micro_e, grunt_ministairs_5,
          amcnicky_mini_corridor_feature, uniq_crazy_yiuf_cottage
D:4:      cheibrodos_quashed, layout_cave_pods, portal_sewer_entry_f,
          uniq_grinder, uniq_menkaure
D:5:      layout_loops_corners, minmay_temple_entry_arrows
D:6:      layout_loops_ring
D:7:      layout_loops_corners, uniq_prince_ribbit1, uniq_harold, uniq_pikel
Temple:   nicolae_temple_the_god_donut

Skill      XL: |  1  2  3  4  5  6  7  8  9 |
---------------+----------------------------+-----
Dodging        | 3 4 6 7 |  7.3
Spellcasting   | 3 4 5 |  5.0
Hexes          | 1 3 5 6 |  6.5
Conjurations   | 5 6 7 8 |  8.2
Stealth        | |  2.6

Action                   |  1- 3 |  4- 6 |  7- 9 || total
-------------------------+-------+-------+-------++-------
Melee: Unarmed           |    25 |    46 |       ||    71
       Constrict         |     9 |    15 |     8 ||    32
       Tentacles         |     5 |    11 |     2 ||    18
       Dagger            |       |    14 |    23 ||    37
 Cast: Magic Dart        |    28 |     1 |    15 ||    44
       Searing Ray       |    13 |    32 |    62 ||   107
       Fulminant Prism   |       |     2 |    14 ||    16
  Use: Scroll            |     2 |     1 |     9 ||    12
       Potion            |       |     3 |     1 ||     4
 Stab: Sleeping          |     1 |     9 |     2 ||    12
Armor: Skin              |     3 |     2 |     1 ||     6
Dodge: Dodged            |    29 |    66 |    43 ||   138
